 Dungeon Crawl Stone Soup version 0.27-a0-1434-g6f15984 (webtiles) character file.

Game seed: 8797649366684065637

800 Meow the Chiller (level 7, -9/57 HPs)
             Began as a Ghoul Ice Elementalist on July 3, 2021.
             Was an Initiate of Gozag.
             Hit by a javelin thrown by a centaur (15 damage)
             ... in a bailey.
             The game lasted 00:21:49 (4984 turns).

Meow the Chiller (Ghoul Ice Elementalist)           Turns: 4984, Time: 00:21:50

Health: -9/57      AC:  4    Str: 12    XL:     7   Next: 90%
Magic:  12/12      EV: 16    Int: 12    God:    Gozag
Gold:   170        SH:  0    Dex:  9    Spells: 6/14 levels left

rFire    . . .     SeeInvis .   a - +0 long sword
rCold    + . .     Faith    +   (no shield)
rNeg     + + +     Spirit   .   p - +0 robe
rPois    ∞         Reflect  .   r - +0 helmet
rElec    .         Harm     .   y - +0 cloak
rCorr    .         Rampage  .   (no gloves)
Will     .....                  (no boots)
Stlth    ++........             n - amulet of faith
HPRegen  0.00/turn              m - +4 ring of evasion
MPRegen  0.13/turn              (no ring)

@: studying Dodging
A: claws 1, cold resistance 1, negative energy resistance 3, inhibited
regeneration, torment resistance 2
a: Renounce Religion, Potion Petition, Call Merchant, Bribe Branch


You were in a bailey.
You worshipped Gozag.
Gozag was aware of your devotion.
You visited 2 branches of the dungeon, and saw 7 of its levels.
You also visited: Bailey.

You collected 216 gold pieces.
You paid 46 gold pieces to Gozag.

Inventory:

Hand Weapons
 a - a +0 long sword (weapon)
 E - a +0 spear
Missiles
 b - 27 arrows
 h - 143 stones (quivered)
 s - 43 bolts
 D - a curare-tipped dart
Armour
 f - a +0 kite shield
 p - a +0 robe (worn)
 r - a +0 helmet (worn)
 y - a +0 cloak (worn)
Jewellery
 m - a +4 ring of evasion (left claw)
 n - an amulet of faith (around neck)
Scrolls
 c - a scroll of acquirement {unknown}
 e - a scroll of enchant armour {unknown}
 g - a scroll of enchant weapon {unknown}
 i - a scroll of fear {unknown}
 j - a scroll of magic mapping {unknown}
 k - a scroll of brand weapon {unknown}
 l - 2 scrolls of teleportation
 q - a scroll of noise {unknown}
 t - a scroll of torment {unknown}
 u - a scroll of immolation
 v - a scroll of silence {unknown}
 w - a scroll of amnesia {unknown}
 B - 3 scrolls of identify
Potions
 d - a potion of degeneration {unknown}
 x - a potion of flight {unknown}
 z - a potion of attraction
 A - 5 potions of heal wounds {unknown}


   Skills:
 + Level 3.3 Fighting
 + Level 3.2 Dodging
 - Level 2.1 Stealth
 - Level 4.0 Spellcasting
 * Level 1.8 Conjurations
 + Level 7.6 Ice Magic


You had 6 spell levels left.
You knew the following spells:

 Your Spells              Type           Power      Damage    Failure   Level
a - Freeze                Ice            80%        1d9       1%          1
e - Ozocubu's Armour      Ice            20%        N/A       3%          3
f - Frozen Ramparts       Ice            40%        1d6       3%          3
A - Foxfire               Conj/Fire      16%        2x1d4     16%         1

Your spell library contained the following spells:

 Spells                   Type           Power      Damage    Failure   Level
 Hailstorm                Conj/Ice       13%        3d5       32%         4
 Conjure Flame            Conj/Fire      4%         6-21      41%         3
 Inner Flame              Hex/Fire       2%         N/A       54%         3


Dungeon Overview and Level Annotations

Branches:
Dungeon (8/15)             Temple (1/1) D:5          Bailey (1/1)
   Lair: D:8-11

Altars:
Ashenzari
Cheibriados
Dithmenos
Elyvilon
Fedhas
Gozag
Hepliaklqana
Makhleb
Nemelex Xobeh
Okawaru
Ru
Sif Muna
Trog
Uskayaw
Wu Jian
Xom
Zin
The Shining One

Shops:
D:8 [

Annotations:
D:3 3 runed translucent doors, Valerie's ghost, amateur HOFi


Innate Abilities, Weirdness & Mutations

You thrive by killing the living.
You are immune to poison.
You have sharp fingernails.
Your flesh is cold resistant. (rC+)
You are immune to negative energy. (rN+++)
You do not regenerate when monsters are visible.
You are immune to unholy pain and torment.


Message History

The orc closely misses you.
The centaur hits you from afar with a +0 halberd.
* * * LOW HITPOINT WARNING * * *
The centaur misses you. The orc closely misses you.
The centaur closely misses you. The orc barely misses you.
The centaur throws a javelin.
The javelin pierces through you.
* * * LOW HITPOINT WARNING * * *
You feel less invigorated.
You feel less confused.
The centaur hits you from afar with a +0 halberd.
* * * LOW HITPOINT WARNING * * *
The orc hits you with a +0 trident.
* * * LOW HITPOINT WARNING * * *
Casting: Freeze (safe; 1% risk of failure)
Confirm with . or Enter, or press ? or * to list all spells.
Aiming: Freeze (safe; 1% risk of failure)
Press: ? - help, Shift-Dir - straight line, f/p - orc
Aim: an orc, wielding a +0 trident and wearing a +0 scale mail (almost dead)
You freeze the orc.
You kill the orc!
The centaur throws a javelin.
The javelin completely misses you.
The centaur hits you from afar with a +0 halberd.
* * * LOW HITPOINT WARNING * * *
Casting: Freeze (safe; 1% risk of failure)
Confirm with . or Enter, or press ? or * to list all spells.
You can't see any susceptible monsters within range! (Use Z to cast anyway.) Unknown command.
The centaur throws a javelin.
The javelin closely misses you. Why would you want to do that?
There is a fountain of clear blue water here.
The orc shouts!
There is a fountain of clear blue water here.
There is an empty arch of ancient stone here.
The centaur throws a javelin.
The javelin closely misses you. The centaur closely misses you.
There is a fountain of clear blue water here.
The centaur hits you but does no damage.
The centaur throws a javelin.
The javelin pierces through you!
You die...
Your body crumbles into a pile of gold.

##≈≈≈$$$≈≈≈##
###≈≈⌠..$.$⌠≈≈###
≈≈≈≈..$ooo...≈≈≈≈
.....$≈≈≈≈≈......
.....≈≈...≈≈.....
..≈$≈≈.≈$≈$≈≈.≈..
.≈≈o≈.≈≈.≈≈.≈.≈≈.
.≈.≈≈c≈...≈.≈≈.≈.
.≈.≈.≈≈..@≈≈.≈o≈.
.≈.≈.≈.⌠∩⌠.≈.≈.≈.
.≈.≈.≈..∩..≈.≈.≈.
.≈.≈.≈.⌠∩⌠.≈.≈.≈.
.≈.≈.≈≈...≈≈.≈.≈.
.≈.≈≈.≈...≈.≈≈.≈.
o≈≈.≈.≈≈≈≈≈.≈.≈≈.
#.≈.≈≈.....≈≈.≈.#
#.≈≈.≈≈≈.≈≈≈.≈≈.#


You could see a centaur and 5 orcs.

Vanquished Creatures
  A black bear (D:4)
  A centaur (Bailey)
  A kobold brigand (D:8)
  3 howler monkeys
  2 bullfrog zombies (D:5)
  A centaur zombie (D:5)
  A hound (D:4)
  Natasha (D:3)
  A centaur skeleton (D:4)
  4 iguanas
  7 adders
  2 worms (D:2)
  2 dart slugs
  11 orcs
  2 endoplasms
  3 giant cockroaches
  10 goblins
  11 hobgoblins
  12 kobolds
  4 quokkas
  4 ball pythons
  5 bats
  3 frilled lizards
  4 rats
96 creatures vanquished.

Vanquished Creatures (others)
  38 foxfires (Bailey)
38 creatures vanquished.

Grand Total: 134 creatures vanquished

Notes
Turn   | Place    | Note
-------+----------+-------------------------------------------
     0 | D:1      | Meow the Ghoul Ice Elementalist began the quest for the
                  | Orb.
     0 | D:1      | Reached XP level 1. HP: 14/14 MP: 2/2
   187 | D:1      | Found a faded altar of an unknown god.
   479 | D:1      | Reached XP level 2. HP: 19/20 MP: 0/4
  1059 | D:2      | Reached XP level 3. HP: 24/26 MP: 2/5
  1063 | D:2      | Learned a level 3 spell: Frozen Ramparts
  1267 | D:2      | Reached skill level 5 in Ice Magic
  1863 | D:3      | Reached XP level 4. HP: 33/33 MP: 3/7
  2103 | D:3      | Noticed an ogre
  2487 | D:4      | Noticed a black bear
  2489 | D:4      | Reached XP level 5. HP: 31/38 MP: 2/8
  2496 | D:3      | Reached skill level 6 in Ice Magic
  2580 | D:3      | Learned a level 3 spell: Ozocubu's Armour
  2605 | D:3      | Found a runed translucent gate.
  2606 | D:3      | Found a runed translucent gate.
  2682 | D:3      | Noticed Natasha
  2687 | D:3      | Killed Natasha
  2845 | D:3      | Found a runed translucent gate.
  2846 | D:3      | Noticed Valerie's ghost (amateur HOFi)
  3019 | D:4      | Killed a black bear
  3020 | D:4      | Reached XP level 6. HP: 38/45 MP: 1/11
  3205 | D:4      | Reached skill level 7 in Ice Magic
  3565 | D:5      | Entered Level 5 of the Dungeon
  3604 | D:5      | Reached skill level 1 in Fighting
  3691 | D:5      | Reached XP level 7. HP: 52/52 MP: 3/12
  3951 | D:5      | Found a staircase to the Ecumenical Temple.
  4000 | Temple   | Entered the Ecumenical Temple
  4245 | Temple   | Became a worshipper of Gozag Ym Sagoz the Greedy
  4511 | D:5      | Reached skill level 1 in Conjurations
  4735 | D:5      | You fall into a shaft and drop 3 floors!
  4735 | D:8      | Found Olurgh's Antique Armour Emporium.
  4745 | D:8      | Noticed a wyvern
  4844 | D:8      | Found a flagged portal.
  4867 | Bailey   | Entered a bailey
  4873 | Bailey   | Learned a level 1 spell: Foxfire
  4984 | Bailey   | Hit by a javelin thrown by a centaur

Illustrated notes

Levels and vault maps discovered:
D:1:      tarquinn_simple_flora_water_d, layout_basic,
          chequers_ecumenical_altar_simple
D:2:      minmay_angry_zag, layout_rooms, item_on_display_a
D:3:      layout_loops_cross, gammafunk_ghost_necromancy, uniq_natasha
D:4:      layout_cave_pools
D:5:      layout_loops_ring, temple_doors_e, minmay_tree_intersection,
          hangedman_abyss_or_decor_stagger, minmay_crossroads
D:8:      layout_loops_cross, serial_shops, shop, enter_bailey_5
Temple:   dpeg_five_rooms_temple
Bailey:   bailey_polearm_flooded_kennysheep, bailey

Skill      XL: |  1  2  3  4  5  6  7 |
---------------+----------------------+-----
Spellcasting   | 2 3 4 |  4.0
Ice Magic      | 5 6 7 |  7.6
Fighting       | 1 3 |  3.3
Dodging        | 3 |  3.2
Conjurations   | 1 |  1.8
Stealth        | |  2.1

Action                   |  1- 3 |  4- 6 |  7- 9 || total
-------------------------+-------+-------+-------++-------
Melee: Unarmed           |    13 |       |       ||    13
       Long sword        |       |    37 |    41 ||    78
Throw: Stone             |     3 |     5 |       ||     8
 Cast: Freeze            |    57 |    25 |     4 ||    86
       Frozen Ramparts   |     3 |    20 |     9 ||    32
       Ozocubu's Armour  |       |     4 |     5 ||     9
       Foxfire           |       |       |    19 ||    19
Evoke: Wand              |       |       |     6 ||     6
  Use: Scroll            |       |     4 |     1 ||     5
       Potion            |       |     1 |     1 ||     2
 Stab: Sleeping          |       |     2 |       ||     2
       Distracted        |       |       |     1 ||     1
Armor: Robe              |     9 |    12 |    19 ||    40
Dodge: Dodged            |    34 |    79 |    77 ||   190
       Rpst.: Long sword |     1 |    18 |     7 ||    26

Table legend: (Time is in decaauts)
 A = Elapsed time spent in this place.
 B = Non-inter-level travel time spent in this place.
 C = Inter-level travel time spent in this place.
 D = Time resting spent in this place.
 E = Time spent auto-exploring this place.
 F = Levels seen in this place.
 G = Mean time per level.
                   A        B        C        D        E       F      G
               +--------+--------+--------+--------+--------+-----+--------+
         Total |   5021 |   4828 |    193 |   1615 |   1906 |   8 |  627.6 |
       Dungeon |   4623 |   4497 |    126 |   1615 |   1695 |   6 |  770.5 |
        Temple |    280 |    213 |     67 |      0 |    211 |   1 |  280.0 |
        Bailey |    117 |    117 |      0 |      0 |      0 |   1 |  117.0 |
               +--------+--------+--------+--------+--------+-----+--------+

Top non-repeatable levels by time:
     D:3: 1042 daAuts
     D:1: 1037 daAuts
     D:5: 880 daAuts
     D:2: 833 daAuts
     D:4: 689 daAuts
  Temple: 280 daAuts
     D:8: 140 daAuts
  Bailey: 117 daAuts
